 Dungeon Crawl Stone Soup version bcrawl-1.26.1 (webtiles) character file.

Game seed: 15430441172748384143

90464 Goodini51 the Sneak (level 5, 0/40 HPs)
             Began as a Human Spelunker on Apr 22, 2020.
             Was an Initiate of Dithmenos.
             Succumbed to a worker ant's poison
             ... on level 4 of the Dungeon on July 5, 2020.
             The game lasted 00:17:00 (4375 turns).

Goodini51 the Sneak (Human Spelunker)               Turns: 4375, Time: 00:17:00

Health: 0/40       AC:  4    Str: 13    XL:     5   Next: 54%
Magic:  8/8        EV: 10    Int: 13    God:    Dithmenos [......]
Gold:   110        SH:  4    Dex: 12    Spells: 5/8 levels left

rFire    . . .     SeeInvis .   a - +1 dagger
rCold    . . .     Gourm    .   l - +0 buckler
rNeg     + . .     Faith    .   b - +0 leather armour
rPois    .         Spirit   .   p - +0 helmet
rElec    .         Reflect  .   (no cloak)
rCorr    .         Harm     .   (no gloves)
MR       +....                  (no boots)
Stlth    ++........             (no amulet)
HPRegen  0.13/turn              r - ring of protection from magic
MPRegen  0.11/turn              s - ring of positive energy

@: lethally poisoned (0 -> -8)
A: no striking features
a: Renounce Religion


You were on level 4 of the Dungeon.
You worshipped Dithmenos.
Dithmenos was noncommittal.
You were not hungry.

You visited 1 branch of the dungeon, and saw 4 of its levels.

You collected 110 gold pieces.

Inventory:

Hand Weapons
 a - a +1 dagger (weapon)
 o - a +0 spear
Armour
 b - a +0 leather armour (worn)
 l - a +0 buckler (worn)
 p - a +0 helmet (worn)
Jewellery
 r - a ring of protection from magic (left hand)
 s - a ring of positive energy (right hand)
Wands
 c - a wand of digging (10)
Scrolls
 f - a scroll of noise
 g - a scroll of fog
 i - a scroll of blinking {unknown}
 m - 3 scrolls of remove curse
 q - a scroll of teleportation {unknown}
 v - a scroll of amnesia {unknown}
Potions
 h - 2 potions of curing
 j - a potion of invisibility {unknown}
 k - a potion of mutation
 n - a potion of lignification {unknown}
 t - a potion of flight {unknown}
 u - a potion of agility {unknown}
Miscellaneous
 d - a lamp of fire
Comestibles
 e - 8 rations {!d}


   Skills:
 + Level 2.8 Fighting
 + Level 3.2 Short Blades
 + Level 1.4 Armour
 + Level 1.7 Dodging
 * Level 4.0 Stealth
 + Level 0.3 Shields
 + Level 2.3 Spellcasting
 + Level 2.7 Hexes
 + Level 2.3 Transmutations
 + Level 2.3 Earth Magic
 + Level 2.4 Evocations


You had 5 spell levels left.
You knew the following spells:

 Your Spells              Type           Power        Failure   Level  Hunger
a - Corona                Hex            #......      28%         1    #......
b - Passwall              Tmut/Erth      #.......     43%         2    ###....
Your spell library was empty.

Dungeon Overview and Level Annotations

Branches:
Dungeon (4/12)
 Temple: D:4-7

Altars:
Dithmenos
Fedhas
Lugonu
Vehumet
Yredelemnul
Zin


Message History

The worker ant is heavily wounded.
* * * LOW HITPOINT WARNING * * *
You feel sick. The worker ant barely misses you.
You hit the worker ant but do no damage.
The worker ant is heavily wounded.
* * * LOW HITPOINT WARNING * * *
You feel sick.
The orc wizard mumbles some strange words.
The orc wizard blinks!
The worker ant bites you.
* * * LOW HITPOINT WARNING * * *
You hit the worker ant.
The worker ant is severely wounded.
* * * LOW HITPOINT WARNING * * *
You feel sick.
The orc wizard mumbles some strange words.
The orc wizard blinks!
The worker ant bites you.
* * * LOW HITPOINT WARNING * * *
You hit the worker ant.
The worker ant is severely wounded.
You die...

#+# ... # #.#
#.###.# #.#.#.#
#
###.....###.###
'..............
#...o§....# #a#
#@# #.# #+#
#.## #^# #§.#
####.### ##.#
.......# #.#
.##....# ###
#.#
.#.....###.##
#.#
.......##.#.##
#.#


You could see a worker ant and an orc wizard.

Vanquished Creatures
  5 adders (D:3)
  2 worms
  4 dart slugs
  10 leopard geckos
  4 orcs
  7 bats
  5 giant cockroaches
  5 goblins
  9 hobgoblins
  11 kobolds
  A quokka (D:3)
  3 frilled lizards
  A jackal skeleton (D:2)
  3 rats
70 creatures vanquished.

Vanquished Creatures (others)
  An orc wizard (D:3)
  An orc (D:3)
  A hobgoblin (D:3)
3 creatures vanquished.

Grand Total: 73 creatures vanquished

Notes
Turn   | Place    | Note
-------+----------+-------------------------------------------
     0 | D:1      | Goodini51 the Human Spelunker began the quest for the Orb.
     0 | D:1      | Reached XP level 1. HP: 16/16 MP: 3/3
   267 | D:1      | Reached XP level 2. HP: 4/22 MP: 3/5
   844 | D:1      | Reached XP level 3. HP: 22/27 MP: 6/6
  1723 | D:2      | Reached XP level 4. HP: 33/34 MP: 4/7
  1781 | D:2      | Reached skill level 1 in Dodging
  2511 | D:2      | Found a corrupted altar of Lugonu.
  2720 | D:2      | Upgraded the game from bcrawl-1.21.3-2-g9d8a61a446 to
                  | bcrawl-1.26.1
  3246 | D:3      | Reached skill level 1 in Armour
  3308 | D:3      | Found a basalt altar of Yredelemnul.
  3375 | D:3      | Reached XP level 5. HP: 18/39 MP: 8/8
  3384 | D:3      | Found a shadowy altar of Dithmenos.
  3386 | D:3      | Found a glowing silver altar of Zin.
  3387 | D:3      | Found a blossoming altar of Fedhas.
  3665 | D:3      | Found a radiant altar of Vehumet.
  3787 | D:3      | Became a worshipper of Dithmenos the Shadowed
  3846 | D:3      | Reached skill level 4 in Stealth
  4374 | D:4      | HP: 1/40 [worker ant (3)]
  4375 | D:4      | Succumbed to a worker ant's poison

Skill      XL: |  1  2  3  4  5 |
---------------+----------------+-----
Dodging        | 1 |  1.7
Armour         | 1 |  1.4
Short Blades   | 3 |  3.2
Stealth        | 4 |  4.0
Fighting       | |  2.8
Shields        | |  0.3
Spellcasting   | |  2.3
Hexes          | |  2.7
Transmutations | |  2.3
Earth Magic    | |  2.3
Evocations     | |  2.4

Action                   |  1- 3 |  4- 6 || total
-------------------------+-------+-------++-------
Melee: Dagger            |   162 |   245 ||   407
 Cast: Corona            |    11 |    12 ||    23
  Use: Scroll            |       |     5 ||     5
 Stab: Sleeping          |     1 |     5 ||     6
  Eat: Chunk             |     3 |     5 ||     8
       Ration            |       |     1 ||     1
Armor: Leather armour    |    43 |    65 ||   108
Dodge: Dodged            |    84 |   111 ||   195
Block: Buckler           |     3 |    25 ||    28
